AAA EAST
OMAHA STORM CHASERS @ JACKSONVILLE JUMBO SHRIMP
07/02/2041
 
TOP OF THE 1ST
Omaha Storm Chasers batting - Pitching for Jacksonville Jumbo Shrimp : RHP Ken Richards
Pitching: RHP Ken Richards
Batting: LHB José Gonzáles 0-0: Fly out, F8 (Flyball, 8RD, EV 108.8 MPH)
Batting: LHB Jorge Martínez 0-0: Ball
1-0: Ball
2-0: Foul Ball, location: 9LMF
2-1: Swinging Strike
2-2: SINGLE (Groundball, 34D, EV 103.1 MPH)
Batting: RHB Chad Morgan 0-0: Ball
1-0: Ball
2-0: Called Strike
2-1: Ball
3-1: DOUBLE (Line Drive, 7LM, EV 98.1 MPH)
Jorge Martínez to third
Batting: LHB Freddy López 0-0: Foul Ball, location: 7LMF
0-1: Ball
1-1: Foul Ball, location: 25FF
1-2: Foul Ball, location: 3FF
1-2: Ball
2-2: Ball
3-2: Foul Ball, location: 2F
3-2: Strikes out swinging
Batting: RHB Pat Gregory 0-0: Ball
1-0: Ball
2-0: Called Strike
2-1: Ball
3-1: Foul Ball, location: 23FF
3-2: SINGLE (Groundball, 56S, EV 70.0 MPH) (infield hit)
Jorge Martínez scores
Chad Morgan to third
Batting: LHB Mathias Carena 0-0: Ball
1-0: Ball
2-0: Ball
3-0: Base on Balls
Pat Gregory to second
Batting: RHB António Sánchez 0-0: Ball
1-0: Ball
2-0: Foul Ball, location: 9LDF
2-1: Ground out 3-1 (Groundball, 34, EV 93.1 MPH)
Top of the 1st over - 1 run, 3 hits, 0 errors, 3 left on base; Omaha 1 - Jacksonville 0
BOTTOM OF THE 1ST
Jacksonville Jumbo Shrimp batting - Pitching for Omaha Storm Chasers : RHP Xavier Rose
Pitching: RHP Xavier Rose
Batting: LHB Augusto García 0-0: Foul Ball, location: 2F
0-1: Swinging Strike
0-2: Strikes out looking
Batting: RHB António Sandoval 0-0: Ball
1-0: Swinging Strike
1-1: Swinging Strike
1-2: Foul Ball, location: 25FF
1-2: Strikes out swinging
Batting: LHB Danny King 0-0: Called Strike
0-1: Swinging Strike
0-2: Ball
1-2: SINGLE (Groundball, 34D, EV 100.6 MPH)
Batting: RHB Sean Davidson 0-0: Called Strike
Danny King is caught stealing 2nd base 2-4
Bottom of the 1st over - 0 runs, 1 hit, 0 errors, 0 left on base; Omaha 1 - Jacksonville 0
TOP OF THE 2ND
Omaha Storm Chasers batting - Pitching for Jacksonville Jumbo Shrimp : RHP Ken Richards
Batting: RHB Cliff O'Halloran 0-0: Ball
1-0: Ball
2-0: Ball
3-0: Called Strike
3-1: Called Strike
3-2: SINGLE (Line Drive, 89M, EV 85.6 MPH)
Batting: SHB Mike Patrick 0-0: Called Strike
0-1: Foul Ball, location: 2F
0-2: Fly out, F9 (Flyball, 9LS, EV 86.3 MPH)
Batting: LHB José Gonzáles 0-0: Foul Ball, location: 5FF
0-1: Ball
1-1: Ball
2-1: Ball
3-1: Swinging Strike
3-2: Strikes out looking
Cliff O'Halloran steals 2nd base
Batter strikes out.
Batting: LHB Jorge Martínez 0-0: Called Strike
Cliff O'Halloran steals 3rd base
0-1: Ball
1-1: Foul Ball, location: 7LDF
1-2: Ball
2-2: Fly out, F8 (Flyball, 8LM, EV 86.3 MPH)
Top of the 2nd over - 0 runs, 1 hit, 0 errors, 1 left on base; Omaha 1 - Jacksonville 0
BOTTOM OF THE 2ND
Jacksonville Jumbo Shrimp batting - Pitching for Omaha Storm Chasers : RHP Xavier Rose
Batting: RHB Sean Davidson 0-0: Ball
1-0: Ball
2-0: SINGLE (Groundball, 34D, EV 105.0 MPH)
Batting: RHB Kel Mearns 0-0: Ball
1-0: Foul Ball, location: 2F
1-1: Ball
2-1: Foul Ball, location: 2RF
2-2: Fly out, F8 (Flyball, 8RD, EV 85.0 MPH)
Batting: RHB Jorge Pérez 0-0: Foul Ball, location: 25F
0-1: Foul Ball, location: 9LDF
0-2: Ball
1-2: Strikes out looking
Batting: RHB Esteban Cabrera 0-0: Ground out 4-3 (Groundball, 4D, EV 100.0 MPH)
Bottom of the 2nd over - 0 runs, 1 hit, 0 errors, 1 left on base; Omaha 1 - Jacksonville 0
TOP OF THE 3RD
Omaha Storm Chasers batting - Pitching for Jacksonville Jumbo Shrimp : RHP Ken Richards
Batting: RHB Chad Morgan 0-0: Ball
1-0: Ball
2-0: Called Strike
2-1: DOUBLE (Line Drive, 78D, EV 110.0 MPH)
Batting: LHB Freddy López 0-0: Ball
1-0: Ball
2-0: SINGLE (Groundball, 4MD, EV 104.4 MPH)
Chad Morgan to third
Runner from 3rd tries for Home, SAFE, throw by CF to home
Batting: RHB Pat Gregory 0-0: Ball
1-0: Ball
2-0: Grounds into double play, 5-4-3 (Groundball, 56S, EV 82.5 MPH)
Batting: LHB Mathias Carena 0-0: Ball
1-0: Swinging Strike
1-1: Ball
2-1: Foul Ball, location: 5SF
2-2: Strikes out looking
Top of the 3rd over - 1 run, 2 hits, 0 errors, 0 left on base; Omaha 2 - Jacksonville 0
BOTTOM OF THE 3RD
Jacksonville Jumbo Shrimp batting - Pitching for Omaha Storm Chasers : RHP Xavier Rose
Batting: RHB Sam Ellis 0-0: Fly out, F8 (Flyball, 89D, EV 105.6 MPH)
Batting: RHB Jim Unknown 0-0: Ball
1-0: Ball
2-0: Ball
3-0: Called Strike
3-1: Ground out 5-3 (Groundball, 5, EV 103.8 MPH)
Batting: LHB Augusto García 0-0: Ball
1-0: SINGLE (Line Drive, 5D, EV 95.6 MPH)
Batting: RHB António Sandoval 0-0: Ball
1-0: Ball
2-0: Fielders Choice at 2nd, 6-4 (Groundball, 6, EV 85.0 MPH)
Bottom of the 3rd over - 0 runs, 1 hit, 0 errors, 1 left on base; Omaha 2 - Jacksonville 0
TOP OF THE 4TH
Omaha Storm Chasers batting - Pitching for Jacksonville Jumbo Shrimp : RHP Ken Richards
Batting: RHB António Sánchez 0-0: Called Strike
0-1: Ball
1-1: Ground out 4-3 (Groundball, 4M, EV 88.8 MPH)
Batting: RHB Cliff O'Halloran 0-0: Ball
1-0: Swinging Strike
1-1: Called Strike
1-2: Ball
2-2: Foul Ball, location: 9LDF
2-2: Ball
3-2: Ground out 6-3 (Groundball, 6S, EV 92.5 MPH)
Batting: SHB Mike Patrick 0-0: Called Strike
0-1: Swinging Strike
0-2: Strikes out swinging
Top of the 4th over - 0 runs, 0 hits, 0 errors, 0 left on base; Omaha 2 - Jacksonville 0
BOTTOM OF THE 4TH
Jacksonville Jumbo Shrimp batting - Pitching for Omaha Storm Chasers : RHP Xavier Rose
Batting: LHB Danny King 0-0: Ball
1-0: Swinging Strike
1-1: Foul Ball, location: 5F
1-2: Ball
2-2: Ball
3-2: Foul Ball, location: 23FF
3-2: Base on Balls
Batting: RHB Sean Davidson Pickoff Throw to First - Out! 1-3
0-0: Ball
1-0: Swinging Strike
1-1: SINGLE (Line Drive, 9S, EV 93.8 MPH)
Batting: RHB Kel Mearns 0-0: Ball
1-0: Foul Ball, location: 5FF
1-1: Grounds into double play, 5-4-3 (Groundball, 56S, EV 81.3 MPH)
Bottom of the 4th over - 0 runs, 1 hit, 0 errors, 0 left on base; Omaha 2 - Jacksonville 0
TOP OF THE 5TH
Omaha Storm Chasers batting - Pitching for Jacksonville Jumbo Shrimp : RHP Ken Richards
Batting: LHB José Gonzáles 0-0: Called Strike
0-1: Ball
1-1: Foul Ball, location: 2RF
1-2: Strikes out swinging passed ball, reaches first!
Batting: LHB Jorge Martínez 0-0: Ball
1-0: Bunted foul
1-1: Foul Ball, location: 2F
1-2: Ball
2-2: SINGLE (Groundball, 34, EV 104.4 MPH)
José Gonzáles to second
Runner from 2nd tries for 3rd, SAFE, throw by RF made to third
Batting: RHB Chad Morgan 0-0: Fly out, F8 (Flyball, 8LD, EV 102.5 MPH)
Batting: LHB Freddy López 0-0: Ball
1-0: Ball
2-0: Ball
3-0: Called Strike
3-1: Foul Ball, location: 5SF
3-2: Foul Ball, location: 7LMF
3-2: Fielders Choice at 2nd, 3-6 (Groundball, 34, EV 81.9 MPH)
José Gonzáles scores
Pitching: RHP Gilberto Varela
Batting: RHB Pat Gregory 0-0: Called Strike
Freddy López steals 2nd base
0-1: Ball
1-1: Ball
2-1: SINGLE (Line Drive, 56, EV 98.8 MPH)
Freddy López to third
Runner from 3rd tries for Home, SAFE, throw by LF to home
Batting: LHB Mathias Carena 0-0: Swinging Strike
0-1: Swinging Strike
0-2: 2-RUN HOME RUN (Flyball, 78XD, EV 102.5 MPH), Distance : 413 ft
Batting: RHB António Sánchez 0-0: Foul Ball, location: 3F
0-1: Foul Ball, location: 5F
0-2: Strikes out swinging
Top of the 5th over - 4 runs, 3 hits, 0 errors, 0 left on base; Omaha 6 - Jacksonville 0
BOTTOM OF THE 5TH
Jacksonville Jumbo Shrimp batting - Pitching for Omaha Storm Chasers : RHP Xavier Rose
Batting: RHB Jorge Pérez 0-0: Ball
1-0: Fly out, F9 (Flyball, 89M, EV 81.9 MPH)
Batting: RHB Esteban Cabrera 0-0: Foul Ball, location: 5FF
0-1: Foul Ball, location: 3FF
0-2: Strikes out swinging
Batting: RHB Sam Ellis 0-0: Ground out U3 (Groundball, 3S, EV 72.5 MPH)
Bottom of the 5th over - 0 runs, 0 hits, 0 errors, 0 left on base; Omaha 6 - Jacksonville 0
TOP OF THE 6TH
Omaha Storm Chasers batting - Pitching for Jacksonville Jumbo Shrimp : RHP Gilberto Varela
Batting: RHB Cliff O'Halloran 0-0: Called Strike
0-1: Ball
1-1: Called Strike
1-2: Foul Ball, location: 3SF
1-2: Strikes out swinging
Batting: SHB Mike Patrick 0-0: Ball
1-0: Ball
2-0: Ball
3-0: Called Strike
3-1: Fly out, F9 (Flyball, 89M, EV 89.4 MPH)
Batting: LHB José Gonzáles 0-0: Ball
1-0: Ball
2-0: Foul Ball, location: 5F
2-1: Ball
3-1: Base on Balls
Batting: LHB Jorge Martínez 0-0: Ball
1-0: Called Strike
1-1: Foul Ball, location: 2F
1-2: Ball
2-2: Ball
3-2: Foul Ball, location: 9LSF
3-2: Base on Balls
José Gonzáles to second
Batting: RHB Chad Morgan 0-0: Called Strike
0-1: Called Strike
0-2: Fly out, F7 (Line Drive, 7, EV 86.3 MPH)
Top of the 6th over - 0 runs, 0 hits, 0 errors, 2 left on base; Omaha 6 - Jacksonville 0
BOTTOM OF THE 6TH
Jacksonville Jumbo Shrimp batting - Pitching for Omaha Storm Chasers : RHP Xavier Rose
Batting: RHB Jim Unknown 0-0: Ball
1-0: Foul Ball, location: 5SF
1-1: SINGLE (Line Drive, 56D, EV 102.5 MPH)
Batting: LHB Augusto García 0-0: Ball
1-0: Fly out, F8 (Flyball, 78D, EV 102.5 MPH)
Batting: RHB António Sandoval 0-0: Foul Ball, location: 2F
0-1: Ball
1-1: Foul Ball, location: 23F
1-2: SINGLE (Groundball, 6MD, EV 101.3 MPH)
Jim Unknown to second
Batting: LHB Danny King 0-0: Called Strike
0-1: Grounds into double play, 4-6-3 (Groundball, 34, EV 85.6 MPH)
Bottom of the 6th over - 0 runs, 2 hits, 0 errors, 1 left on base; Omaha 6 - Jacksonville 0
TOP OF THE 7TH
Omaha Storm Chasers batting - Pitching for Jacksonville Jumbo Shrimp : RHP Gilberto Varela
Batting: LHB Freddy López 0-0: Called Strike
0-1: Ground out 4-3 (Groundball, 4S, EV 81.3 MPH)
Batting: RHB Pat Gregory 0-0: Ball
1-0: Swinging Strike
1-1: Ball
2-1: Foul Ball, location: 23F
2-2: Ball
3-2: Strikes out swinging
Batting: LHB Mathias Carena 0-0: Ball
1-0: Ball
2-0: Called Strike
2-1: Reached via error on a dropped throw from 1B, E1 (Groundball, 34, EV 87.5 MPH)
Batting: RHB António Sánchez 0-0: Ball
1-0: Ball
2-0: Ball
3-0: Called Strike
3-1: Fielders Choice at 2nd, 6-4 (Groundball, 6, EV 102.5 MPH)
Top of the 7th over - 0 runs, 0 hits, 1 error, 1 left on base; Omaha 6 - Jacksonville 0
BOTTOM OF THE 7TH
Jacksonville Jumbo Shrimp batting - Pitching for Omaha Storm Chasers : RHP Xavier Rose
Batting: RHB Sean Davidson 0-0: Swinging Strike
0-1: Ball
1-1: Ball
2-1: SINGLE (Groundball, 4MD, EV 108.1 MPH)
Batting: RHB Kel Mearns 0-0: Called Strike
Sean Davidson steals 2nd base
0-1: Called Strike
0-2: Strikes out looking
Batting: RHB Jorge Pérez 0-0: Ball
1-0: Ball
2-0: Called Strike
2-1: Ball
3-1: SINGLE (Line Drive, 89S, EV 106.9 MPH)
Sean Davidson to third
Pitching: LHP Kevin Barnes
Batting: RHB Esteban Cabrera 0-0: Called Strike
0-1: Ball
1-1: Swinging Strike
1-2: Strikes out looking
Batting: RHB Sam Ellis 0-0: Ball
1-0: Fielders Choice at 2nd, 5-4 (Groundball, 56, EV 83.1 MPH)
Bottom of the 7th over - 0 runs, 2 hits, 0 errors, 2 left on base; Omaha 6 - Jacksonville 0
TOP OF THE 8TH
Omaha Storm Chasers batting - Pitching for Jacksonville Jumbo Shrimp : RHP Gilberto Varela
Batting: RHB Cliff O'Halloran 0-0: Ball
1-0: Ball
2-0: Ball
3-0: Called Strike
3-1: Ground out 5-3 (Groundball, 56S, EV 71.3 MPH)
Batting: SHB Mike Patrick 0-0: Called Strike
0-1: Called Strike
0-2: Strikes out looking
Batting: LHB José Gonzáles 0-0: Ball
1-0: SINGLE (Line Drive, 7LS, EV 92.5 MPH)
Batting: LHB Jorge Martínez 0-0: Ball
1-0: Called Strike
1-1: SINGLE (Groundball, 34D, EV 108.8 MPH)
José Gonzáles to second
Runner from 2nd tries for 3rd, SAFE, throw by RF made to third
Jorge Martínez to second
Batting: RHB Chad Morgan 0-0: Called Strike
0-1: Ball
1-1: SINGLE (Line Drive, 9S, EV 96.9 MPH)
José Gonzáles scores
Jorge Martínez to third
Runner from 3rd tries for Home, SAFE, throw by RF to home
Batting: LHB Freddy López 0-0: Fly out, F8 (Line Drive, 89M, EV 101.9 MPH)
Top of the 8th over - 2 runs, 3 hits, 0 errors, 1 left on base; Omaha 8 - Jacksonville 0
BOTTOM OF THE 8TH
Jacksonville Jumbo Shrimp batting - Pitching for Omaha Storm Chasers : LHP Kevin Barnes
Batting: RHB Jim Unknown 0-0: Ball
1-0: Ball
2-0: Foul Ball, location: 9LMF
2-1: Fly out, F8 (Flyball, 8RXD, EV 105.6 MPH)
Pinch Hitting: RHB Gilberto Souza 0-0: Called Strike
0-1: Foul Ball, location: 3SF
0-2: Ball
1-2: Ball
2-2: Foul Ball, location: 9LSF
2-2: Ball
3-2: Foul Ball, location: 2F
3-2: Foul Ball, location: 25F
3-2: Ground out 6-3 (Groundball, 6, EV 80.6 MPH)
Batting: RHB António Sandoval 0-0: Ball
1-0: Called Strike
1-1: Ball
2-1: Swinging Strike
2-2: Fly out, F9 (Flyball, 9S, EV 91.3 MPH)
Bottom of the 8th over - 0 runs, 0 hits, 0 errors, 0 left on base; Omaha 8 - Jacksonville 0
TOP OF THE 9TH
Omaha Storm Chasers batting - Pitching for Jacksonville Jumbo Shrimp : RHP Gilberto Varela
Now in CF: Gilberto Souza
Pinch Hitting: RHB Luis Serrano 0-0: Called Strike
0-1: Ball
1-1: Ball
2-1: Foul Ball, location: 9LSF
2-2: Foul Ball, location: 2F
2-2: Ground out 5-3 (Groundball, 56, EV 100.6 MPH)
Batting: LHB Mathias Carena 0-0: Called Strike
0-1: Foul Ball, location: 25F
0-2: Ball
1-2: Strikes out swinging
Batting: RHB António Sánchez 0-0: Ball
1-0: Ball
2-0: Ball
3-0: Base on Balls
Pitching: RHP Carlos Pickford
Batting: RHB Cliff O'Halloran 0-0: Ball
1-0: Ball
2-0: SINGLE (Groundball, 34D, EV 96.3 MPH)
António Sánchez to second
Runner from 2nd tries for 3rd, SAFE, throw by RF made to third
Pinch Hitting: LHB Raúl Ortíz 0-0: Foul Ball, location: 2F
0-1: Ball
1-1: Ground out 6-3 (Groundball, 6S, EV 60.6 MPH)
Top of the 9th over - 0 runs, 1 hit, 0 errors, 2 left on base; Omaha 8 - Jacksonville 0
BOTTOM OF THE 9TH
Jacksonville Jumbo Shrimp batting - Pitching for Omaha Storm Chasers : LHP Kevin Barnes
Now at C: Bob O'Mullan
Now at 1B: Luis Serrano
Batting: LHB Danny King 0-0: Ball
1-0: Ball
2-0: Ground out U3 (Groundball, 3L, EV 93.1 MPH)
Batting: RHB Sean Davidson 0-0: Called Strike
0-1: Ball
1-1: Ball
2-1: Ground out 2-3 (Groundball, 2L, EV 65.6 MPH)
Batting: RHB Kel Mearns 0-0: Called Strike
0-1: Ball
1-1: Foul Ball, location: 2F
1-2: Ball
2-2: Ground out 4-3 (Groundball, 4, EV 104.4 MPH)
Bottom of the 9th over - 0 runs, 0 hits, 0 errors, 0 left on base; Omaha 8 - Jacksonville 0
Monday, April 1st , 2024 - OOTP Baseball 24.10 Build 82